AoeStats
← Joseka

Arena

507616844Analyzed
4v4 RM · 14d ago on Sep 19, 2026· 53m 22s· 8 players
Game mode
Random Map
Map size
Large (8 player)
Population
200
Speed
Normal
Resources
Standard
Victory
Conquest
Starting age
Dark Age
Ending age
Imperial Age
RankedLock teamsTeams togetherTeam positionsShared explorationLock speedFull tech treeHidden civsTurbo modeCheats
Victory
Defeat
🇨🇳 Lithuanians · China
900
+15
🇧🇷 Spanish · Brazil
895
+15
🇭🇰 Bohemians · Hong Kong SAR China
876
+16
🇺🇸 Chinese · United States
872
+16
🇬🇧 Lithuanians · United Kingdom
942
-18
🇧🇷 Teutons · Brazil
940
-18
🇧🇷 Italians · Brazil
837
-38
🇵🇪 Celts · Peru
776
-12
IcyParrot4981
0:30 Loom
12:17 Feudal Age
12:44 Double-Bit Axe
12:43 Horse Collar
14:41 Gold Mining
15:35 Stone Mining
19:58 Castle Age
19:04 Wheelbarrow
22:04 Stone Shaft Mining
22:51 Gold Shaft Mining
23:19 Town Watch
25:42 Caravan
27:01 Bow Saw
27:21 Heavy Plow
29:23 Herbal Medicine
29:41 Fortified Wall
30:09 Hand Cart
35:25 Imperial Age
33:24 Ballistics
33:22 Fletching
33:33 Padded Archer Armor
35:03 Leather Archer Armor
34:44 Bodkin Arrow
35:09 Murder Holes
37:09 Chemistry
36:16 Thumb Ring
37:16 Two-Man Saw
36:44 Conscription
36:49 Great Wall
37:40 Bracer
38:47 Ring Archer Armor
40:16 Elite Chu Ko Nu
Joseka
12:37 Feudal Age
13:31 Horse Collar
14:31 Double-Bit Axe
18:28 Castle Age
17:24 Gold Mining
20:14 Wheelbarrow
19:54 Bow Saw
19:55 Heavy Plow
21:51 Stone Mining
23:01 Hand Cart
30:14 Imperial Age
30:01 Forging
29:47 Pikeman
30:27 Squires
30:39 Halberdier
31:58 Iron Casting
31:31 Arson
33:41 Blast Furnace
34:34 Two-Man Saw
34:04 Scale Mail Armor
36:18 Chemistry
36:06 Stone Mining
36:40 Chain Mail Armor
36:39 Caravan
37:51 Supremacy
38:34 Plate Mail Armor
38:53 Light Cavalry
39:43 Bloodlines
39:52 Hussar
41:16 Ballistics
42:25 Scale Barding Armor
踏马就一刀
12:48 Feudal Age
12:56 Feudal Age
13:42 Double-Bit Axe
16:49 Castle Age
16:02 Horse Collar
17:59 Wheelbarrow
19:23 Bow Saw
21:16 Chemistry
22:16 Ballistics
26:26 Hand Cart
30:08 Imperial Age
29:31 Squires
29:34 Pikeman
33:18 Elite Skirmisher
33:22 Halberdier
35:04 Masonry
35:07 Fortified Wall
38:09 Houfnice
39:06 Heavy Plow
39:44 Town Watch
40:41 Architecture
42:38 Town Patrol
42:47 Caravan
52:23 Arson
迂逾宇遇
10:46 Feudal Age
15:00 Castle Age
12:48 Double-Bit Axe
15:04 Wheelbarrow
14:10 Horse Collar
16:54 Heavy Plow
19:11 Stone Mining
23:41 Bow Saw
27:44 Scale Barding Armor
27:49 Forging
28:45 Chain Barding Armor
30:59 Imperial Age
28:46 Hand Cart
28:17 Loom
28:18 Town Watch
30:10 Caravan
30:36 Gold Mining
32:09 Town Patrol
32:47 Iron Casting
32:48 Plate Barding Armor
32:35 Guilds
33:25 Conscription
33:29 Bloodlines
33:20 Husbandry
34:03 Plate Barding Armor
34:10 Tower Shields
35:38 Chemistry
35:00 Ballistics
35:47 Elite Leitis
40:13 Stone Shaft Mining
42:16 Two-Man Saw
42:04 Masonry
41:36 Treadmill Crane
42:07 Fortified Wall
neethgiE
9:13 Loom
11:31 Feudal Age
18:16 Castle Age
22:32 Caravan
22:56 Double-Bit Axe
23:15 Horse Collar
24:28 Bow Saw
24:31 Pikeman
28:09 Gold Mining
28:11 Stone Mining
30:11 Fortified Wall
30:43 Forging
30:36 Scale Mail Armor
34:50 Imperial Age
34:34 Wheelbarrow
35:06 Squires
35:45 Iron Casting
35:28 Chain Mail Armor
35:45 Halberdier
38:45 Chemistry
39:26 Scale Barding Armor
40:23 Conscription
40:20 Tower Shields
41:53 Husbandry
42:04 Bloodlines
42:26 Chain Barding Armor
HEBERT27
0:30 Loom
13:50 Feudal Age
16:52 Wheelbarrow
19:52 Castle Age
25:06 Hand Cart
29:32 Imperial Age
29:38 Pikeman
31:30 Double-Bit Axe
31:31 Horse Collar
33:14 Caravan
35:24 Furor Celtica
35:35 Conscription
35:56 Hoardings
35:31 Heavy Plow
36:40 Heavy Scorpion
37:47 Onager
37:54 Onager
41:26 Halberdier
43:41 Chemistry
43:02 Ballistics
42:48 Siege Engineers
45:14 Stronghold
45:52 Siege Onager
47:25 Murder Holes
marcosprojj
12:18 Feudal Age
13:56 Loom
16:39 Castle Age
14:29 Double-Bit Axe
15:18 Horse Collar
20:13 Heavy Plow
20:40 Bow Saw
31:53 Imperial Age
30:13 Stone Mining
33:41 Chemistry
33:32 Crop Rotation
34:51 Two-Man Saw
35:04 Bombard Tower
35:27 Ironclad
37:36 Forging
37:29 Gold Mining
38:16 Stone Shaft Mining
39:10 Elite Teutonic Knight
39:55 Scale Mail Armor
40:30 Iron Casting
44:33 Hoardings
47:47 Onager
Dovahkiin
11:02 Feudal Age
15:14 Castle Age
14:10 Double-Bit Axe
14:28 Horse Collar
18:00 Gold Mining
20:19 Stone Mining
24:42 Fortified Wall
26:04 Wheelbarrow
27:18 Loom
31:30 Imperial Age
29:20 Bow Saw
29:38 Padded Archer Armor
29:53 Masonry
29:26 Treadmill Crane
30:25 Heavy Plow
30:25 Fletching
30:54 Leather Archer Armor
31:05 Bodkin Arrow
31:49 Ballistics
32:05 Thumb Ring
33:02 Conscription
33:46 Chemistry
33:30 Bracer
33:48 Guilds
35:17 Hand Cart
34:48 Town Watch
36:02 Ring Archer Armor
35:55 Scale Barding Armor
36:01 Forging
36:58 Two-Man Saw
36:48 Architecture
36:14 Murder Holes
36:15 Light Cavalry
37:06 Bloodlines
36:57 Husbandry
38:06 Chain Barding Armor
39:12 Iron Casting
38:13 Hussar
40:03 Hoardings
41:10 Plate Barding Armor
41:36 Blast Furnace
40:54 Elite Genoese Crossbowman
44:58 Elite Skirmisher
Connection lost

Rejoining the realm…

Still unreachable

The connection could not be restored.

Session expired

The server has moved on; the page needs a fresh start.